 Dungeon Crawl Stone Soup version 0.27.1-37-g7b29ead8ac (webtiles) character file.

Game seed: 11449306472431546283

261 Sharkman1231 the Ruffian (level 5, -5/45 HPs)
             Began as a Draconian Transmuter on May 3, 2023.
             Killed from afar by an electric eel (10 damage)
             ... with a bolt of electricity
             ... on level 3 of the Dungeon.
             The game lasted 00:02:52 (3332 turns).

Sharkman1231 the Ruffian (Draconian Transmuter)     Turns: 3332, Time: 00:02:53

Health: -5/45      AC:  5    Str: 19    XL:     5   Next: 96%
Magic:  8/8        EV: 12    Int: 13    God:
Gold:   34         SH:  0    Dex: 12    Spells: 7/8 levels left

rFire    . . .     SeeInvis .   c - +9 flail of the Magic Mushroom {venom, *Corrode +Blink rN+}
rCold    . . .     Faith    .   (no shield)
rNeg     + . .     Spirit   .   (armour unavailable)
rPois    .         Reflect  .   (helmet restricted)
rElec    .         Harm     .   (no cloak)
rCorr    .         Rampage  .   (no gloves)
Will     .....                  (no boots)
Stlth    +.........             (no amulet)
HPRegen  0.15/turn              b - +6 ring of strength
MPRegen  0.11/turn              (no ring)

@: no status effects
A: AC +5, unfitting armour, cold-blooded
a: Evoke Blink


You were on level 3 of the Dungeon.
You visited 1 branch of the dungeon, and saw 3 of its levels.

You collected 58 gold pieces.
You spent 24 gold pieces at shops.

Inventory:

Hand Weapons
 c - the +9 flail of the Magic Mushroom (weapon) {venom, *Corrode +Blink rN+}
   (You acquired it on level 2 of the Dungeon)

   It poisons the flesh of those it strikes.
   rN:        It protects you from negative energy.
   +Blink:    It lets you blink.
   *Corrode:  It may corrode you when you take damage.
 h - a +0 whip of electrocution
Jewellery
 b - a +6 ring of strength (left hand)
Wands
 e - a wand of polymorph (5)
 i - a wand of flame (11)
Scrolls
 f - 2 scrolls of noise {unknown}
 g - a scroll of enchant weapon
 l - 3 scrolls of summoning {unknown}
Potions
 a - a potion of might
 d - a potion of cancellation
 j - a potion of haste
 k - a potion of heal wounds
 m - a potion of mutation {unknown}


   Skills:
 + Level 3.1 Fighting
 + Level 0.9 Maces & Flails
 - Level 1.7 Dodging
 * Level 5.1 Unarmed Combat
 - Level 2.0 Spellcasting
 + Level 3.5 Transmutations


You had 7 spell levels left.
You knew the following spells:

 Your Spells              Type           Power      Damage    Failure   Level
a - Beastly Appendage     Tmut           20%        N/A       6%          1

Your spell library contained the following spells:

 Spells                   Type           Power      Damage    Failure   Level
 Wereblood                Tmut           10%        N/A       9%          2
 Animate Skeleton         Necr           2%         N/A       26%         1
 Apportation              Tloc           2%         N/A       26%         1
 Corona                   Hex            1%         N/A       26%         1
 Summon Small Mammal      Summ           4%         N/A       26%         1
 Spider Form              Tmut/Pois      2%         N/A       36%         3
 Ice Form                 Ice/Tmut       5%         N/A       77%         4


Dungeon Overview and Level Annotations

Branches:
Dungeon (3/15)

Altars:

Shops:
D:2 ?

Annotations:
D:3 1 transporter, Sigmund


Innate Abilities, Weirdness & Mutations

Your plain brown scales are hard. (AC +5)
You cannot fit into any form of body armour.
You are cold-blooded and may be slowed by cold attacks.


Message History

There is a stone staircase leading down here.
Found a wand of flame (28) and 21 arrows.
No reachable target in view!
Found a transporter.
An orc comes into view. It is wielding a +0 mace.
Found a coppery potion.
An orc is nearby!
An orc is nearby!
The orc shouts!
You hear a shout! x2
A goblin and Sigmund come into view.
Found an escape hatch in the ceiling.
Found a stone staircase leading down.
Sigmund shouts!
The goblin shouts!
You sock the orc!
You kill the orc!
A rat comes into view.
You see here a +0 mace.
Sigmund hits you from afar with a +0 scythe!
You closely miss the goblin.
Sigmund hits you from afar with a +0 scythe!
The goblin hits you but does no damage. The goblin hits you but does no damage.
Sigmund casts a spell.
Sigmund flickers and vanishes!
Deactivating autopickup; reactivate with Ctrl-A.
There is a transporter here.
You enter the transporter and appear at another place.
The goblin hits you but does no damage. The goblin hits you but does no damage.
You see here a wand of flame (28).
You sock the goblin!
You kill the goblin!
You open the door.
The electric eel shoots out a bolt of lightning at you!
The bolt of electricity hits you!
There is a transporter landing site here.
The electric eel shoots out a bolt of lightning at you!
The bolt of electricity hits you!
* * * LOW HITPOINT WARNING * * *
The bolt of electricity hits you!
You die...

..####....###.#≈≈≈≈≈#.#
...# #....# #.#≈≈≈≈≈#.#
...###....# #.#≈≈⌠≈≈#.#
.....)....# #.#≈≈≈≈≈#.#
>.........# #.#≈...;#.#
..........# #.#≈...;#.#
..........# #.###'###.#
..........# #.#P(/.P#.#
+##.......# #.#8@©.8#.#
+##..... #.#######.#
..# ... #...r©....# ..#
####...#### ..# #..##
### #.## #+##+######.#
........)...#
........r####


You could see 2 electric eels and a rat.

Vanquished Creatures
  A bullfrog (D:3)
  Natasha (thrice) (D:2)
  Robin (D:2)
  An adder (D:3)
  2 dart slugs
  2 orcs (D:3)
  3 endoplasms
  2 giant cockroaches
  13 goblins
  8 hobgoblins
  20 jackals
  2 quokkas
  3 ball pythons (D:2)
  7 bats
  4 frilled lizards
  6 kobolds
  6 rats
84 creatures vanquished.

Notes
Turn   | Place    | Note
-------+----------+-------------------------------------------
     0 | D:1      | Sharkman1231 the Draconian Transmuter began the quest for
                  | the Orb.
     0 | D:1      | Reached XP level 1. HP: 16/16 MP: 3/3
   163 | D:1      | Reached XP level 2. HP: 17/23 MP: 5/5
  1258 | D:2      | Reached XP level 3. HP: 29/29 MP: 4/6
  1293 | D:2      | Noticed Robin
  1759 | D:2      | Reached skill level 4 in Unarmed Combat
  1987 | D:2      | Found Lemeryb's Magic Scroll Boutique.
  1988 | D:2      | Noticed Natasha
  1992 | D:2      | Identified a scroll of acquirement
  1992 | D:2      | Acquired the +9 flail of the Magic Mushroom {venom,
                  | *Corrode +Blink rN+}
  1996 | D:2      | Killed Natasha
  1997 | D:2      | Reached XP level 4. HP: 30/37 MP: 7/7
  2139 | D:2      | Bought a scroll of identify for 24 gold pieces
  2242 | D:2      | HP: 1/37 [Robin (16)]
  2243 | D:2      | Killed Robin
  2534 | D:2      | Found Lemeryb's Magic Scroll Boutique.
  2645 | D:2      | Noticed Natasha
  2649 | D:2      | Killed Natasha
  2904 | D:2      | Noticed Natasha
  2911 | D:2      | Killed Natasha
  2912 | D:2      | Reached XP level 5. HP: 40/44 MP: 8/8
  2980 | D:3      | Reached skill level 5 in Unarmed Combat
  3283 | D:3      | Found a transporter.
  3299 | D:3      | Found a transporter.
  3314 | D:3      | Noticed Sigmund
  3332 | D:3      | Killed from afar by an electric eel

Illustrated notes

Levels and vault maps discovered:
D:1:      giann_forest_graveyard, layout_loops_corners, minivault_23,
          serial_park_tiny_2, minmay_misc_feat_room
D:2:      layout_basic, serial_shops, shop_scrolls, uniq_robin, uniq_natasha
D:3:      gammafunk_steamed_eel, layout_basic, uniq_sigmund

Skill      XL: |  1  2  3  4  5 |
---------------+----------------+-----
Fighting       | 2 3 |  3.1
Unarmed Combat | 4 5 |  5.1
Transmutations | 3 |  3.5
Maces & Flails | |  0.9
Dodging        | |  1.7
Spellcasting   | |  2.0

Action                   |  1- 3 |  4- 6 || total
-------------------------+-------+-------++-------
Melee: Unarmed           |   161 |     2 ||   163
       Tailslap          |    16 |     1 ||    17
       Headbutt          |     4 |       ||     4
       Kick              |     6 |       ||     6
       Punch             |     5 |       ||     5
       Flail             |     1 |    48 ||    49
 Cast: Beastly Appendage |     5 |       ||     5
  Use: Scroll            |     2 |     4 ||     6
       Potion            |       |     1 ||     1
 Stab: Sleeping          |     2 |       ||     2
Armor: Skin              |    64 |    14 ||    78
Dodge: Dodged            |   136 |    32 ||   168
